 Dungeon Crawl Stone Soup version 0.25-a0-734-g73332aeda9 (webtiles) character file.

Game seed: 13325832481786838065, levelgen mode: deterministic

422 BowlsofSteal the Covered (level 7, -1/52 HPs)
             Began as a Human Wanderer on Apr 11, 2020.
             Slain by Sigmund
             ... wielding a +0 scythe
              (6 damage)
             ... on level 4 of the Dungeon.
             The game lasted 00:15:46 (2980 turns).

BowlsofSteal the Covered (Human Wanderer)           Turns: 2980, Time: 00:15:46

Health: -1/52      AC:  6    Str: 17    XL:     7   Next: 17%
Magic:  16/16      EV: 11    Int: 12    God:
Gold:   166        SH:  0    Dex: 10    Spells: 6/6 levels left

rFire    . . .     SeeInvis .   v - +1 dagger (vamp)
rCold    . . .     Gourm    .   (no shield)
rNeg     . . .     Faith    .   b - +0 ring mail
rPois    +         Spirit   .   (no helmet)
rElec    .         Reflect  .   (no cloak)
rCorr    .         Harm     .   (no gloves)
MR       .....                  (no boots)
Stlth    +.........             (no amulet)
HPRegen  0.17/turn              m - ring of poison resistance
MPRegen  0.15/turn              h - ring of magical power

@: no status effects
A: no striking features
a: no special abilities


You were on level 4 of the Dungeon.
You were not hungry.

You visited 1 branch of the dungeon, and saw 4 of its levels.

You collected 166 gold pieces.

Inventory:

Hand Weapons
 a - a +2 hand axe
 p - a +4 dagger of venom
 q - a +2 short sword of draining
 v - a +1 vampiric dagger (weapon)
Armour
 b - a +0 ring mail (worn)
 e - a +0 leather armour
 f - a +0 leather armour
 o - a +0 scale mail
Jewellery
 h - a ring of magical power (right hand)
 m - a ring of poison resistance (left hand)
Scrolls
 i - a scroll of noise
 j - a scroll of teleportation {unknown}
 l - a scroll of identify {unknown}
 n - a scroll of enchant weapon {unknown}
 r - a scroll of fog {unknown}
 s - a scroll of blinking {unknown}
Potions
 g - 4 potions of flight {unknown}
 k - 2 potions of brilliance {unknown}
 t - a potion of degeneration {unknown}
 u - a potion of haste {unknown}
Comestibles
 c - 6 chunks of flesh
 d - 6 rations


   Skills:
 + Level 3.0 Fighting
 + Level 3.0 Short Blades
 + Level 4.3 Axes
 + Level 4.5 Armour
 + Level 2.4 Dodging
 + Level 1.3 Stealth
   Level 1.0 Shields


You had 6 spell levels left.
You didn't know any spells.
Your spell library was empty.

Dungeon Overview and Level Annotations

Branches:
Dungeon (4/15)
 Temple: D:4-7

Altars:
Ashenzari
Okawaru
Xom

Annotations:
D:4 Sigmund


Message History

Sigmund barely misses you.
You hit the adder.
The adder is almost dead.
The adder bites you.
* * * LOW HITPOINT WARNING * * *
You hit the adder.
You feel better.
You kill the adder!
Your Short Blades skill increases to level 3!
Sigmund hits you with a +0 scythe.
* * * LOW HITPOINT WARNING * * *
You hit Sigmund but do no damage.
Sigmund is severely wounded.
You hit Sigmund.
Sigmund is severely wounded.
Sigmund hits you with a +0 scythe.
* * * LOW HITPOINT WARNING * * *
You hit Sigmund.
You feel better.
Sigmund is almost dead.
Sigmund hits you with a +0 scythe.
You die...

##### .... #..###
#....# #....# ..
#....# .# # #....#
.# ####.#..?.###.#
......@@......#####.
......†.............
#####...............
#..##.......## #..
#.......# +..
#.......#
#...#.......# ..
#...........#
...#..###.#.....#


You could see Sigmund.

Vanquished Creatures
  Blork the orc (D:4)
  4 crimson imps (D:3)
  Natasha (thrice) (D:3)
  5 adders
  A worm (D:2)
  2 dart slugs (D:2)
  3 leopard geckos
  5 orcs (D:3)
  A ball python (D:4)
  8 bats
  4 giant cockroaches
  7 goblins
  11 hobgoblins
  10 jackals
  11 kobolds
  4 quokkas
  6 frilled lizards
  6 rats
92 creatures vanquished.

Notes
Turn   | Place    | Note
-------+----------+-------------------------------------------
     0 | D:1      | BowlsofSteal the Human Wanderer began the quest for the
                  | Orb.
     0 | D:1      | BowlsofSteal set off with the following items: a +2 hand
                  | axe, a +0 ring mail, a potion of curing, a ration
     0 | D:1      | Reached XP level 1. HP: 16/16 MP: 1/1
    79 | D:1      | Reached XP level 2. HP: 20/22 MP: 2/2
   247 | D:1      | Reached XP level 3. HP: 20/27 MP: 3/3
   774 | D:2      | Reached XP level 4. HP: 33/33 MP: 4/4
  1419 | D:2      | Reached skill level 1 in Dodging
  1422 | D:2      | Reached XP level 5. HP: 38/38 MP: 5/5
  1426 | D:2      | Found a shattered altar of Ashenzari.
  1645 | D:3      | Found a faded altar of an unknown god.
  1696 | D:3      | Noticed Natasha
  1709 | D:3      | Killed Natasha
  1861 | D:3      | Reached skill level 1 in Short Blades
  1917 | D:3      | Found a shimmering altar of Xom.
  1968 | D:3      | Reached XP level 6. HP: 15/46 MP: 6/6
  2199 | D:3      | Noticed Natasha
  2204 | D:3      | Killed Natasha
  2219 | D:3      | Noticed Natasha
  2247 | D:3      | Killed Natasha
  2673 | D:3      | Found an iron altar of Okawaru.
  2892 | D:4      | Noticed Blork the orc
  2906 | D:4      | Killed Blork the orc
  2906 | D:4      | Reached XP level 7. HP: 52/52 MP: 7/7
  2944 | D:4      | Noticed Sigmund
  2980 | D:4      | Slain by Sigmund

Levels and vault maps discovered:
D:1:      dpeg_arrival_shelter, layout_loops_ring, minmay_misc_feat_alley
D:2:      layout_basic, nicolae_overflow_crystal_walls
D:3:      layout_loops_ring, led_xom_imps, okawaru_trees_2,
          chequers_ecumenical_altar_simple_redux, uniq_natasha
D:4:      minmay_clustersquares, layout_basic, serial_shops,
          nicolae_shop_statue_plus, first_ration, uniq_sigmund,
          uniq_blork_the_orc

Skill      XL: |  1  2  3  4  5  6  7 |
---------------+----------------------+-----
Axes           | 4 |  4.3
Dodging        | 1 2 |  2.4
Short Blades   | 1 2 3 |  3.0
Armour         | 4 |  4.5
Fighting       | 3 |  3.0
Stealth        | |  1.3
Shields        | |  1.0

Action                   |  1- 3 |  4- 6 |  7- 9 || total
-------------------------+-------+-------+-------++-------
Melee: Hand axe          |    69 |       |       ||    69
       Dagger            |    15 |   155 |    24 ||   194
       Short sword       |       |    48 |       ||    48
  Use: Potion            |       |     2 |       ||     2
       Scroll            |       |     1 |       ||     1
  Eat: Ration            |       |     2 |       ||     2
       Chunk             |       |     1 |       ||     1
Armor: Ring mail         |    51 |    74 |     7 ||   132
Dodge: Dodged            |    66 |   124 |    21 ||   211

Table legend:
 A = Non-vault XP
 B = Vault XP
 C = Vault XP percentage of total XP
 D = Non-vault monster count
 E = Vault monster count
 F = Vault count percentage of total count
                 A         B        C        D         E       F
            +---------+---------+-------+---------+---------+-------
      Total |     285 |     319 |  52.8 |      86 |       6 |   6.5
            +---------+---------+-------+---------+---------+-------
        D:1 |      40 |       0 |   0.0 |      22 |       0 |   0.0
        D:2 |     104 |       0 |   0.0 |      30 |       0 |   0.0
        D:3 |     119 |     229 |  65.8 |      28 |       5 |  15.2
        D:4 |      22 |      90 |  80.4 |       6 |       1 |  14.3
            +---------+---------+-------+---------+---------+-------
